 Dungeon Crawl Stone Soup version 0.28-a0-1389-gc726bef33b (webtiles) character file.

Game seed: 14818786951041651703

37 SensoryNuts the Skirmisher (level 3, -7/29 HPs)
             Began as a Demonspawn Fighter on Jan 3, 2022.
             Was a Follower of Qazlal.
             Mangled by Sigmund (8 damage)
             ... on level 2 of the Dungeon.
             The game lasted 00:01:09 (1398 turns).

SensoryNuts the Skirmisher (Demonspawn Fighter)     Turns: 1398, Time: 00:01:09

Health: -7/29      AC:  6    Str: 18    XL:     3   Next: 23%
Magic:  3/3        EV:  9    Int:  9    God:    Qazlal [*.....]
Gold:   60         SH:  6    Dex: 12    Spells: 2/2 levels left

rFire   . . .      SeeInvis .   a - +0 long sword
rCold   . . .      Faith    .   c - +0 buckler
rNeg    . . .      Spirit   .   b - +0 scale mail
rPois   .          Reflect  .   (no helmet)
rElec   .          Harm     .   (no cloak)
rCorr   .          Rampage  .   (no gloves)
Will    .....                   (no boots)
Stlth   ..........              (no amulet)
HPRegen 0.09/turn               (no ring)
MPRegen 0.16/turn               (no ring)

@: mighty
A: magic regeneration
a: Renounce Religion


You were on level 2 of the Dungeon.
You worshipped Qazlal.
Qazlal was aware of your devotion.
You visited 1 branch of the dungeon, and saw 2 of its levels.

You collected 60 gold pieces.

Inventory:

Hand Weapons
 a - a +0 long sword (weapon)
Armour
 b - a +0 scale mail (worn)
 c - a +0 buckler (worn)
Scrolls
 f - 2 scrolls of identify
 g - a scroll of teleportation {unknown}
Potions
 e - a potion of brilliance {unknown}


   Skills:
 + Level 3.4 Fighting
 + Level 2.3 Long Blades
 + Level 2.9 Armour
 + Level 0.2 Dodging
 + Level 3.0 Shields


You had 2 spell levels left.
You didn't know any spells.
Your spell library was empty.

Dungeon Overview and Level Annotations

Branches:
Dungeon (2/15)

Altars:
Elyvilon
Qazlal

Annotations:
D:2 Sigmund


Innate Abilities, Weirdness & Mutations

You regenerate magic rapidly.


Message History

The frilled lizard hisses angrily.
The giant cockroach bites you but does no damage.
You hit the giant cockroach.
The giant cockroach is severely wounded.
The giant cockroach misses you.
You barely miss the giant cockroach.
The giant cockroach is severely wounded.
You block the giant cockroach's attack. The giant cockroach closely misses you.
You hit the frilled lizard.
The frilled lizard is heavily wounded.
The giant cockroach barely misses you. The frilled lizard misses you.
The giant cockroach barely misses you. Something hits you.
Space warps around you.
You slash the frilled lizard!
You kill the frilled lizard!
Qazlal accepts your kill.
The giant cockroach bites you but does no damage.
You see here a frilled lizard corpse.
The giant cockroach bites you but does no damage.
Something hits you. Space warps around you.
You feel very mighty all of a sudden. The giant cockroach bites you.
You hit the giant cockroach.
You kill the giant cockroach!
Qazlal accepts your kill. Something hits you but does no damage.
Space warps around you. Something hits you but does no damage.
You blink.
Found a glowing yellow potion.
You hear some strange, mumbled words.
You are confused.
You bump into the rock wall.
Something hits you!
* * * LOW HITPOINT WARNING * * *
You blink.
You bump into the rock wall.
You feel less confused.
Sigmund appears from thin air!
Reactivating autopickup.
Sigmund hits you from afar with a +0 scythe of distortion!
You die...

##.# #.## ..# #.#
##### #.# ##...
#.# ... #.[ #.#
#.##############.#
#....(..†.....@.@#
#.##############.#
#.## #!# .B.# #.#
#..# #.# #..# #..
#..# #.# #..# ...
#..# #.#


You could see Sigmund.

Vanquished Creatures
  An adder (D:2)
  A worm (D:2)
  An endoplasm (D:2)
  A giant cockroach (D:2)
  3 hobgoblins
  6 ball pythons
  A bat (D:1)
  3 frilled lizards
  6 goblins
  3 kobolds
  3 rats (D:1)
29 creatures vanquished.

Notes
Turn   | Place    | Note
-------+----------+-------------------------------------------
     0 | D:1      | SensoryNuts the Demonspawn Fighter began the quest for the
                  | Orb.
     0 | D:1      | Reached XP level 1. HP: 18/18 MP: 1/1
    24 | D:1      | Found a faded altar of an unknown god.
   489 | D:1      | Gained mutation: You regenerate magic rapidly. [demonic
                  | ancestry]
   489 | D:1      | Reached XP level 2. HP: 21/24 MP: 2/2
   903 | D:1      | Prayed at the altar of an unknown god.
   903 | D:1      | Became a worshipper of Qazlal Stormbringer
   903 | D:1      | Reached * piety under Qazlal
  1157 | D:2      | Reached XP level 3. HP: 18/29 MP: 3/3
  1353 | D:2      | Noticed Sigmund
  1394 | D:2      | HP: 1/29 [something (8)]
  1398 | D:2      | Mangled by Sigmund

Illustrated notes

Levels and vault maps discovered:
D:1:      denvon_arrival_planthouse, layout_rooms,
          ebering_ecumenical_altar_sacrificial
D:2:      layout_loops_ring, basic_altar, uniq_jessica, uniq_sigmund

Skill      XL: |  1  2 |
---------------+-------+-----
Long Blades    | 2 |  2.3
Shields        | 3 |  3.0
Fighting       | |  3.4
Armour         | |  2.9
Dodging        | |  0.2

Action                   || total
-------------------------++-------
Melee: Long sword        ||    77
  Use: Scroll            ||     2
       Potion            ||     1
Armor: Scale mail        ||    44
Dodge: Dodged            ||    45
Block: Buckler           ||    25

Table legend: (Time is in decaauts)
 A = Elapsed time spent in this place.
 B = Non-inter-level travel time spent in this place.
 C = Inter-level travel time spent in this place.
 D = Time resting spent in this place.
 E = Time spent auto-exploring this place.
 F = Levels seen in this place.
 G = Mean time per level.
                   A        B        C        D        E       F      G
               +--------+--------+--------+--------+--------+-----+--------+
         Total |   1423 |   1371 |     52 |    129 |   1016 |   2 |  711.5 |
       Dungeon |   1423 |   1371 |     52 |    129 |   1016 |   2 |  711.5 |
               +--------+--------+--------+--------+--------+-----+--------+

Top non-repeatable levels by time:
     D:1: 956 daAuts
     D:2: 467 daAuts
